[Event "Tuesday 10 April, Rapid Engine Tour 13+2 Rounds 7, starts 16.00 ST"]
[Site "Infinity Chess"]
[Date "2018.4.10"]
[Round "4"]
[White "Marsell"]
[Black "xeonrocks"]
[Result "1/2-1/2 "]
[ECO "C55"]
[WhiteElo "2463"]
[BlackElo "2553"]
[WhiteEngine "BrainFish_180408_x64_bmi2"]
[BlackEngine "Stockfish_20180407_x64_bmi2_CTG"]
[EventType "Swiss"]
[WhiteTeam ""]
[BlackTeam ""]
[PlyCount "293"]
[TimeControl "780+2"]

1. e4 e5 2. Nf3 Nc6 3. Bc4 Nf6 4. d3 Bc5 5. c3 d6 6. O-O a5 7. Bg5 Ba7 
8. Nbd2 h6 9. Bh4 g5 10. Bg3 O-O 11. a3 Be6 12. b4 Qd7 13. b5 Ne7 14. a4 Ng6 
15. Bxe6 Qxe6 16. Re1 Rfe8 17. d4 Re7 18. h3 Kh7 19. Nf1 Rae8 20. d5 Qd7 
21. N3d2 Nf4 22. Nc4 h5 23. Bh2 Rg8 24. Qc2 Bc5 25. Kh1 b6 26. Ng3 Nxh3 
27. gxh3 Qxh3 28. f3 h4 29. Nf5 Qxf3+ 30. Qg2 Qxg2+ 31. Kxg2 Ree8 32. Re2 Kg6 
33. Rf1 Nd7 34. Nb2 Rh8 35. Nd3 Rh7 36. Kh3 Rhh8 37. Rg2 Rh7 38. Ra2 Rh5 
39. Rg2 Rh7 40. Re2 Rhh8 41. Kg2 Rh5 42. Kf3 Rhh8 43. Rg2 Rh5 44. Ra1 Rh7 
45. Rh1 Reh8 46. Rg4 h3 47. Rg3 Rh5 48. Rf1 Re8 49. Ke2 Rf8 50. Ne7+ Kg7 
51. Nf5+ Kg6 52. Kf3 Rfh8 53. Ra1 R8h7 54. Re1 Rh8 55. Re2 Re8 56. Rd2 Reh8 
57. Rd1 Re8 58. Rb1 Reh8 59. Rd1 R5h7 60. Re1 Rh5 61. Rh1 R8h7 62. Rd1 Rh8 
63. Rh1 R8h7 64. Ra1 Rh8 65. Rf1 Re8 66. Rh1 Reh8 67. Re1 Kh7 68. Re2 Kg6 
69. Re1 Rd8 70. Rd1 Rdh8 71. Rc1 Re8 72. Rb1 Reh8 73. Ra1 R5h7 74. Rf1 Rh5 
75. Rb1 Re8 76. Rc1 Reh8 77. Rb1 Re8 78. Rb2 Reh8 79. Re2 Re8 80. Ra2 Reh8 
81. c4 Re8 82. Ra1 Reh8 83. Rb1 Re8 84. Rb2 Reh8 85. Ra2 Kf6 86. Rg4 Kg6 
87. Rb2 R5h7 88. Ne7+ Kg7 89. Rb1 Rh5 90. Rg3 Kf6 91. Nf5 Kg6 92. Rf1 R8h7 
93. Rh1 Rh8 94. Re1 Re8 95. Rf1 Bb4 96. Rh1 Reh8 97. Rb1 Bc5 98. Rf1 R8h7 
99. Re1 Rh8 100. Ke2 Re8 101. Rf1 Rh7 102. Rgf3 Bd4 103. Kd2 g4 104. Rg3 Nf6 
105. Kc2 Kg5 106. Nxd4 exd4 107. Nf2 Rh4 108. Kd3 Nh5 109. Nh1 Nxg3 
110. Nxg3 Kg6 111. Kxd4 Re5 112. Ke3 Rh8 113. Kf4 Rhe8 114. Kxg4 f5+ 
115. exf5+ Kf7 116. Kxh3 Re1 117. Rf4 Rh8+ 118. Kg2 Ra1 119. Ne4 Ra2+ 
120. Nf2 Rxa4 121. Bg3 Ra2 122. Kf3 a4 123. Ne4 Ra3+ 124. Kg2 Ra2+ 125. Kf3 a3 
126. Ng5+ Kf6 127. Ne4+ Kf7 128. c5 Ra1 129. Ng5+ Kf6 130. Ne4+ Kf7 131. cxb6 a2 
132. Nf2 Rb1 133. Ra4 a1=Q 134. Rxa1 Rxa1 135. bxc7 Ke7 136. Ne4 Kd7 
137. b6 Ra3+ 138. Kf2 Ra2+ 139. Ke3 Ra3+ 140. Kd2 Rb3 141. Be5 Ra8 
142. Nxd6 Rxb6 143. c8=Q+ Rxc8 144. Nxc8 Kxc8 145. f6 Rb1 146. Ke2 Rb7 147. d6 
1/2-1/2

[Event "Tuesday 10 April, Rapid Engine Tour 13+2 Rounds 7, starts 16.00 ST"]
[Site "Infinity Chess"]
[Date "2018.4.10"]
[Round "4"]
[White "MCDermont"]
[Black "localhero"]
[Result "1/2-1/2"]
[ECO "C55"]
[WhiteElo "2474"]
[BlackElo "2415"]
[WhiteEngine "BrainFish 090218"]
[BlackEngine "asmFishW_2017-10-04_popcnt"]
[EventType "Swiss"]
[WhiteTeam ""]
[BlackTeam ""]
[PlyCount "142"]
[TimeControl "780+2"]

1. e4 e5 2. Nf3 Nc6 3. Bc4 Nf6 4. d3 Bc5 5. c3 d6 6. O-O a5 7. Nbd2 O-O 
8. Re1 h6 9. Nf1 a4 10. h3 Ra5 11. Ng3 Bb6 12. Rb1 Be6 13. Bxe6 fxe6 
14. Be3 Bxe3 15. Rxe3 Nh7 16. Qe2 Rf7 17. Rd1 Nf8 18. d4 Ng6 19. Qd2 Ra8 
20. Ne2 Na5 21. Qd3 Qe8 22. Nh2 Nc6 23. Qc2 b5 24. Rf1 Qe7 25. Rf3 Rff8 
26. Qd3 Rfb8 27. Ng4 b4 28. d5 bxc3 29. bxc3 Nd8 30. Rg3 Kh8 31. f4 exf4 
32. Nxf4 Nxf4 33. Rxf4 Nf7 34. Qf1 Rf8 35. Rgf3 Kg8 36. dxe6 Qxe6 37. Ne3 a3 
38. Nd5 Rab8 39. Qc4 Ng5 40. Rxf8+ Rxf8 41. Ne7+ Kh7 42. Qxe6 Nxe6 43. Rxf8 Nxf8 
44. Kf2 Ne6 45. Kf3 g5 46. Nd5 Kg6 47. g3 Kf7 48. Ne3 Nc5 49. Nc2 Na4 50. c4 Ke6 
51. Nxa3 Ke5 52. g4 Nc3 53. Nb5 Nxa2 54. Nxc7 Nc3 55. Nb5 Nxe4 56. Ke3 d5 
57. cxd5 Kxd5 58. Nc7+ Ke5 59. Na6 Nf6 60. Kf3 Nd5 61. Kf2 Kf6 62. Nc5 h5 
63. gxh5 Ke5 64. h6 Nf6 65. Nd7+ Ke6 66. Nf8+ Kf7 67. h7 Kg7 68. Ne6+ Kxh7 
69. Nxg5+ Kg6 70. h4 Ng4+ 71. Kf3 Kh5 1/2-1/2

[Event "Tuesday 10 April, Rapid Engine Tour 13+2 Rounds 7, starts 16.00 ST"]
[Site "Infinity Chess"]
[Date "2018.4.10"]
[Round "4"]
[White "CrapCleaner"]
[Black "Seliga"]
[Result "1/2-1/2"]
[ECO "C55"]
[WhiteElo "2491"]
[BlackElo "2479"]
[WhiteEngine "Raubfisch X38a._CTG"]
[BlackEngine "SF9 ''A6''"]
[EventType "Swiss"]
[WhiteTeam ""]
[BlackTeam ""]
[PlyCount "176"]
[TimeControl "780+2"]

1. e4 e5 2. Nf3 Nc6 3. Bc4 Nf6 4. d3 Bc5 5. O-O d6 6. c3 a5 7. Bg5 Ba7 
8. Nbd2 h6 9. Bh4 g5 10. Bg3 O-O 11. Bb3 Be6 12. a4 Nd7 13. Bxe6 fxe6 
14. Qb3 Nc5 15. Qb5 g4 16. Nh4 Bb6 17. Qc4 Qd7 18. Nb3 Nxb3 19. Qxb3 Kh7 
20. Qc2 Rf6 21. d4 Qf7 22. Kh1 Kh8 23. dxe5 Nxe5 24. Rae1 h5 25. b4 Kg8 
26. f4 gxf3 27. Bxe5 f2 28. Bxf6 fxe1=Q 29. Rxe1 Qxf6 30. Nf3 Qg6 31. Qb3 Kf7 
32. e5 d5 33. bxa5 Rxa5 34. Rf1 Ke8 35. Nd2 Kd7 36. Qb4 Ra8 37. Qb5+ Ke7 
38. Qb4+ Kd7 39. Rf6 Qg7 40. g3 Rd8 41. Nf3 Qg4 42. Rf4 Qg6 43. a5 Be3 
44. Qb5+ Kc8 45. a6 bxa6 46. Qxa6+ Kd7 47. Rf6 Qg4 48. Kg2 Rb8 49. Rf7+ Ke8 
50. Qc6+ Kxf7 51. Qxc7+ Kg6 52. Qxb8 Kg7 53. Qc7+ Kh6 54. Qd8 Kh7 55. Qe7+ Kg8 
56. Qf6 Kh7 57. Qf7+ Kh6 58. h3 Qg6 59. Qf8+ Kh7 60. Nd4 Qe4+ 61. Qf3 Qxe5 
62. Nc2 Bc5 63. Nd4 Kg6 64. Qd3+ Kf6 65. Qf1+ Kg6 66. Qd3+ Kh6 67. Ne2 Be3 
68. Kf3 Bb6 69. Qd2+ Kg6 70. Qf4 Bc7 71. Qxe5 Bxe5 72. Nf4+ Kf5 73. Nxh5 Bxc3 
74. g4+ Kg5 75. Nf4 Kf6 76. h4 Be5 77. Ne2 Kg6 78. g5 Kf5 79. Ng3+ Bxg3 
80. Kxg3 d4 81. Kf2 e5 82. Kf3 e4+ 83. Kf2 d3 84. Ke3 Kg6 85. Kd2 Kh5 
86. Ke3 Kg6 87. Kd2 Kf5 88. Ke3 Kg6 1/2-1/2

[Event "Tuesday 10 April, Rapid Engine Tour 13+2 Rounds 7, starts 16.00 ST"]
[Site "Infinity Chess"]
[Date "2018.4.10"]
[Round "4"]
[White "Katzenmaier"]
[Black "Mr Aj"]
[Result "1/2-1/2"]
[ECO "C11"]
[WhiteElo "2503"]
[BlackElo "2473"]
[WhiteEngine "Raubfisch X38"]
[BlackEngine "Houdini 6"]
[EventType "Swiss"]
[WhiteTeam ""]
[BlackTeam ""]
[PlyCount "41"]
[TimeControl "780+2"]

1. e4 e6 2. d4 d5 3. Nc3 Nf6 4. e5 Nfd7 5. f4 c5 6. Nf3 Nc6 7. Be3 cxd4 
8. Nxd4 Qb6 9. Qd2 Qxb2 10. Rb1 Qa3 11. Bb5 Nxd4 12. Bxd4 a6 13. Bxd7+ Bxd7 
14. Rb3 Qe7 15. Rxb7 Qh4+ 16. Bf2 Qd8 17. Bb6 Qc8 18. Rc7 Qd8 19. Rb7 Qc8 
20. Rc7 Qd8 21. Rb7 1/2-1/2

[Event "Tuesday 10 April, Rapid Engine Tour 13+2 Rounds 7, starts 16.00 ST"]
[Site "Infinity Chess"]
[Date "2018.4.10"]
[Round "3"]
[White "Longin"]
[Black "Dovahkiin"]
[Result "1/2-1/2"]
[ECO "C50"]
[WhiteElo "2439"]
[BlackElo "2382"]
[WhiteEngine "BrainFish_180404_x64_modern_CTG"]
[BlackEngine "Raubfisch ME262_GTZ16f_CTG"]
[EventType "Swiss"]
[WhiteTeam ""]
[BlackTeam ""]
[PlyCount "49"]
[TimeControl "780+2"]

1. e4 e5 2. Nf3 Nc6 3. Bc4 Bc5 4. O-O Nf6 5. d3 d6 6. c3 a5 7. Nbd2 O-O 
8. Re1 Be6 9. Bb5 h6 10. Nf1 Ne7 11. d4 exd4 12. cxd4 Bb6 13. Ng3 d5 14. e5 Ne4 
15. Nxe4 dxe4 16. Rxe4 c5 17. Bd3 Bf5 18. Re1 cxd4 19. Bxf5 Nxf5 20. Qd3 Qd7 
21. Bf4 Ne7 22. Bg3 Nf5 23. Bf4 Ne7 24. Bg3 Nf5 25. Bf4 1/2-1/2

[Event "Tuesday 10 April, Rapid Engine Tour 13+2 Rounds 7, starts 16.00 ST"]
[Site "Infinity Chess"]
[Date "2018.4.10"]
[Round "3"]
[White "Harry_Potter"]
[Black "MarioDeMonti"]
[Result "1/2-1/2"]
[ECO "C50"]
[WhiteElo "2487"]
[BlackElo "2498"]
[WhiteEngine "Stockfish_x64_bmi2_CTG"]
[BlackEngine "stockfish_x64_bmi2_2018_02_18_CTG"]
[EventType "Swiss"]
[WhiteTeam ""]
[BlackTeam ""]
[PlyCount "110"]
[TimeControl "780+2"]

1. e4 e5 2. Nf3 Nc6 3. Bc4 Bc5 4. O-O Nf6 5. d3 d6 6. c3 a5 7. Bg5 Ba7 
8. Nbd2 h6 9. Bh4 O-O 10. Re1 g5 11. Bg3 Nh7 12. h3 g4 13. hxg4 Bxg4 14. Kh1 Qf6 
15. Nf1 Ng5 16. N1h2 Bh5 17. Bh4 Kg7 18. Qd2 Qf4 19. Qxf4 exf4 20. d4 f6 
21. Ng1 Ne7 22. f3 Be8 23. Bf2 Ng6 24. a4 Bd7 25. Bd3 f5 26. exf5 Bxf5 
27. Bxf5 Rxf5 28. Ne2 Kf7 29. Rad1 h5 30. Nf1 b5 31. Ra1 b4 32. Rec1 Ne6 
33. Nd2 h4 34. Ng1 Ne5 35. dxe5 Bxf2 36. exd6 cxd6 37. cxb4 Be3 38. Rd1 h3 
39. Nxh3 d5 40. bxa5 Ng5 41. g4 fxg3 42. Nf1 Nxh3 43. Nxe3 Rxf3 44. Kg2 Rxe3 
45. Kxh3 Rh8+ 46. Kg2 Rh2+ 47. Kg1 Ree2 48. b4 Rhg2+ 49. Kh1 Ke8 50. Re1 Rh2+ 
51. Kg1 Rhg2+ 52. Kf1 Rgf2+ 53. Kg1 Rg2+ 54. Kf1 Rgf2+ 55. Kg1 Rg2+ 1/2-1/2

[Event "Tuesday 10 April, Rapid Engine Tour 13+2 Rounds 7, starts 16.00 ST"]
[Site "Infinity Chess"]
[Date "2018.4.10"]
[Round "3"]
[White "Deep_Impact"]
[Black "ivrdurant"]
[Result "1/2-1/2"]
[ECO "D31"]
[WhiteElo "2443"]
[BlackElo "2429"]
[WhiteEngine "asmFishW_2018-04-07_bmi2"]
[BlackEngine "Raubfisch ME262_GTZ16d4_CTG"]
[EventType "Swiss"]
[WhiteTeam ""]
[BlackTeam ""]
[PlyCount "133"]
[TimeControl "780+2"]

1. d4 d5 2. c4 e6 3. Nc3 c6 4. e4 dxe4 5. Nxe4 Bb4+ 6. Bd2 Qxd4 7. Bxb4 Qxe4+ 
8. Be2 Na6 9. Ba5 b6 10. Qd6 Bd7 11. Bc3 f6 12. Nf3 Nh6 13. Rd1 Rd8 14. Qa3 Bc8 
15. Nd2 Qf4 16. Bh5+ Nf7 17. O-O c5 18. Qa4+ Ke7 19. Rfe1 Ng5 20. Re3 Rd6 
21. Rde1 Rhd8 22. Nf3 Kf8 23. a3 Nf7 24. h3 Rd3 25. Rxd3 Rxd3 26. Be5 fxe5 
27. Bxf7 Nc7 28. Bg6 Rxf3 29. Qxa7 Qd2 30. Rf1 Rb3 31. Qxc7 Qd7 32. Qxd7 Bxd7 
33. Bxh7 Rxb2 34. Re1 Ra2 35. Re3 Ra1+ 36. Kh2 Ra2 37. Kg3 Ke7 38. f3 Kf6 
39. Be4 Ba4 40. h4 Rd2 41. Rc3 Rd4 42. Kf2 Rd2+ 43. Kg1 Kf7 44. Kh2 Rb2 
45. Kh3 Bd1 46. g3 Rf2 47. Rd3 Be2 48. Rc3 Bd1 49. Re3 Rd2 50. Bd3 Rf2 
51. Be4 Rd2 52. Rc3 Be2 53. h5 Rd4 54. Rb3 Bf1+ 55. Kh4 Kf6 56. g4 Rd2 
57. a4 Rh2+ 58. Kg3 Rg2+ 59. Kh4 Rh2+ 60. Kg3 Re2 61. Rxb6 Rg2+ 62. Kh4 g5+ 
63. hxg6 Rh2+ 64. Kg3 Rg2+ 65. Kh4 Rh2+ 66. Kg3 Rg2+ 67. Kh4 1/2-1/2

[Event "Tuesday 10 April, Rapid Engine Tour 13+2 Rounds 7, starts 16.00 ST"]
[Site "Infinity Chess"]
[Date "2018.4.10"]
[Round "3"]
[White "star99"]
[Black "Time_bandit"]
[Result "1/2-1/2"]
[ECO "C24"]
[WhiteElo "2441"]
[BlackElo "2444"]
[WhiteEngine "Cryptic Heroes 9.3B"]
[BlackEngine "asmFishW_2018-02-02_popcnt"]
[EventType "Swiss"]
[WhiteTeam ""]
[BlackTeam ""]
[PlyCount "101"]
[TimeControl "780+2"]

1. e4 e5 2. Bc4 Nf6 3. d3 c6 4. Bb3 d5 5. Nf3 a5 6. a4 Bb4+ 7. c3 Bd6 
8. exd5 cxd5 9. Bg5 Be6 10. Na3 Nbd7 11. O-O O-O 12. Bh4 Bb8 13. Re1 Re8 
14. Nd2 Nc5 15. Bc2 Bd7 16. Nb5 Ne6 17. Bg3 Nf4 18. Bxf4 exf4 19. Nf3 Rxe1+ 
20. Qxe1 g6 21. Nfd4 Ng4 22. Nf3 Nf6 23. Qe2 Bxb5 24. axb5 Bd6 25. d4 Qc7 
26. Bb3 Kg7 27. h3 Qd7 28. Qf1 b6 29. Bc2 Re8 30. Bd3 h6 31. Rc1 Nh7 
32. Re1 Rxe1 33. Qxe1 a4 34. Ne5 Qe8 35. Kf1 Nf6 36. Nf3 Qa8 37. Qc1 a3 
38. bxa3 Qa4 39. Qc2 Qxa3 40. c4 dxc4 41. Qxc4 Nh7 42. Bc2 Ng5 43. Nxg5 hxg5 
44. Bb3 Qa1+ 45. Ke2 Kh6 46. Qxf7 Qxd4 47. Bc2 Qe5+ 48. Kd1 Qd4+ 49. Ke2 Qe5+ 
50. Kd1 Qd4+ 51. Ke2 1/2-1/2

[Event "Tuesday 10 April, Rapid Engine Tour 13+2 Rounds 7, starts 16.00 ST"]
[Site "Infinity Chess"]
[Date "2018.4.10"]
[Round "3"]
[White "Seliga"]
[Black "hafaba"]
[Result "1-0"]
[ECO "D02"]
[WhiteElo "2464"]
[BlackElo "2449"]
[WhiteEngine "SF9 ''A6''"]
[BlackEngine "Eman 1.70-beta18 64-bit POPCNT_CTG"]
[EventType "Swiss"]
[WhiteTeam ""]
[BlackTeam ""]
[PlyCount "219"]
[TimeControl "780+2"]

1. d4 d5 2. Nf3 Nf6 3. c4 e6 4. Nc3 c6 5. e3 Nbd7 6. Qc2 Bd6 7. Bd3 O-O 
8. O-O dxc4 9. Bxc4 b5 10. Bd3 Bb7 11. Ng5 h6 12. Nge4 Be7 13. Rd1 Qb8 
14. Rb1 Ng4 15. f4 a5 16. Qe2 Ngf6 17. Nxf6+ Nxf6 18. b3 Rc8 19. Bb2 a4 
20. Rbc1 Qa7 21. h3 Qb6 22. Kh2 Rd8 23. Ne4 Nxe4 24. Bxe4 a3 25. Ba1 b4 
26. Rc2 Rac8 27. Rdc1 Rd6 28. Qe1 Bf8 29. Kh1 Re8 30. Kg1 Red8 31. Qf2 Be7 
32. Qg3 Qb5 33. Bf3 Rd5 34. e4 Rxd4 35. Rc4 c5 36. Bxd4 cxd4 37. e5 d3 
38. Bxb7 Qxb7 39. Rd1 Qd5 40. Qe3 h5 41. Rc7 Kf8 42. Qa7 Re8 43. Kf1 Qe4 
44. Qf2 Qf5 45. Qf3 Rd8 46. Rc4 h4 47. Qe4 g6 48. Qxf5 exf5 49. Kf2 Rd5 
50. Ke3 g5 51. Rxd3 gxf4+ 52. Rxf4 Rxe5+ 53. Kf3 Kg7 54. Rc4 Rb5 55. Rc7 Bf6 
56. Rdd7 Be5 57. Rxf7+ Kg6 58. Rb7 Rc5 59. Rfe7 Bg3 60. Rxb4 Rc3+ 61. Re3 Rc2 
62. Rb6+ Kg5 63. Re8 Rc3+ 64. Ke2 Rc2+ 65. Ke3 Rxg2 66. Rg8+ Kh5 67. Rf8 Kg5 
68. Rb5 Rf2 69. Ra5 Rf1 70. Rxa3 Re1+ 71. Kf3 Rf1+ 72. Ke3 Re1+ 73. Kd3 Rd1+ 
74. Kc2 Rf1 75. Ra5 Bd6 76. Rd8 Bb4 77. Rg8+ Kf6 78. Ra6+ Ke5 79. Re8+ Kd4 
80. Rd8+ Ke5 81. Ra4 Rf2+ 82. Kd1 Bc3 83. Rc4 Ba1 84. a4 Ra2 85. Rxh4 Kf6 
86. Rd6+ Ke5 87. Rd2 Ra3 88. Rd3 Kf6 89. Rc4 Kg6 90. Rd6+ Kh5 91. Rb6 Bb2 
92. Rb5 Ra1+ 93. Ke2 Kg6 94. h4 Bf6 95. Rc6 Kf7 96. Rxf5 Ra2+ 97. Kd3 Ra1 
98. Rfxf6+ Ke7 99. Rh6 Kd7 100. Ra6 Kc7 101. Ra7+ Kb8 102. Rg7 Rd1+ 103. Kc4 Kc8 
104. Rh8+ Rd8 105. Rxd8+ Kxd8 106. Kb5 Ke8 107. h5 Kf8 108. h6 Ke8 109. h7 Kf8 
110. h8=Q# 1-0

[Event "Tuesday 10 April, Rapid Engine Tour 13+2 Rounds 7, starts 16.00 ST"]
[Site "Infinity Chess"]
[Date "2018.4.10"]
[Round "3"]
[White "SkyPilot"]
[Black "RonWeasley"]
[Result "1/2-1/2"]
[ECO "C02"]
[WhiteElo "2465"]
[BlackElo "2457"]
[WhiteEngine "stockfish_x64_bmi2_2018_04_07_CTG"]
[BlackEngine "BrainFish 090218_CTG"]
[EventType "Swiss"]
[WhiteTeam ""]
[BlackTeam ""]
[PlyCount "166"]
[TimeControl "780+2"]

1. e4 e6 2. d4 d5 3. e5 c5 4. c3 Nc6 5. Nf3 Qb6 6. a3 f6 7. Bd3 fxe5 
8. dxe5 Nge7 9. c4 dxc4 10. Bxc4 Nf5 11. Nc3 Be7 12. O-O O-O 13. Re1 Qd8 
14. Ba2 b6 15. Bd2 Nh4 16. Nxh4 Bxh4 17. Ne4 Qd4 18. Re3 Nxe5 19. Be1 Ba6 
20. Ng3 Qxd1 21. Rxd1 Bf6 22. Bxe6+ Nf7 23. Nf5 Kh8 24. b4 g6 25. Ng3 Bd4 
26. bxc5 bxc5 27. Bxf7 Rxf7 28. Bc3 Kg8 29. Bxd4 Rd8 30. f3 Rxd4 31. Rc1 Rc7 
32. Ne4 c4 33. Kf2 Bb7 34. Nc3 a6 35. Rc2 Rd6 36. h4 Rb6 37. Na4 Rbc6 
38. Nc3 Rb6 39. Na4 Rbc6 40. Rce2 Kf7 41. Rd2 Kg7 42. Re4 Bc8 43. Nc3 Bf5 
44. Re3 Rf7 45. a4 h5 46. Rd8 Rb7 47. Kg3 Be6 48. Re5 Bf7 49. Re1 Be6 
50. Red1 Bf5 51. Ra8 Kf6 52. Kf4 Bd3 53. Re1 Rd7 54. Ree8 Rd4+ 55. Ke3 Rxh4 
56. Nd5+ Kg5 57. Re5+ Kh6 58. Rh8+ Kg7 59. Ree8 Rh1 60. Reg8+ Kf7 61. g3 Rd6 
62. Kd4 c3 63. Rf8+ Kg7 64. f4 c2 65. Kxd3 Rxd5+ 66. Kxc2 Rd7 67. Rfg8+ Kf6 
68. Rh6 Rh2+ 69. Kc3 Rg7 70. Ra8 Rc7+ 71. Kd4 Rc6 72. Rg8 Kf5 73. Rf8+ Kg4 
74. f5 Rd2+ 75. Ke5 Rc5+ 76. Ke6 gxf5 77. Rg8+ Kf3 78. Rxh5 Rd4 79. Rxf5+ Rxf5 
80. Kxf5 Rxa4 81. g4 Rf4+ 82. Ke6 Re4+ 83. Kf5 Rf4+ 1/2-1/2

[Event "Tuesday 10 April, Rapid Engine Tour 13+2 Rounds 7, starts 16.00 ST"]
[Site "Infinity Chess"]
[Date "2018.4.10"]
[Round "3"]
[White "Thinker"]
[Black "Murx"]
[Result "1/2-1/2 "]
[ECO "B12"]
[WhiteElo "2463"]
[BlackElo "2463"]
[WhiteEngine "BrainFish_180408_x64_modern_CTG"]
[BlackEngine "asmFishW_2018-04-07_popcnt"]
[EventType "Swiss"]
[WhiteTeam ""]
[BlackTeam ""]
[PlyCount "200"]
[TimeControl "780+2"]

1. e4 c6 2. d4 d5 3. e5 Bf5 4. Nf3 e6 5. Be2 Nd7 6. O-O Ne7 7. c3 h6 8. Nbd2 a5 
9. Re1 Bg6 10. Nf1 Rc8 11. b3 c5 12. c4 cxd4 13. Nxd4 dxc4 14. Bxc4 Nc6 
15. Nxc6 bxc6 16. Qg4 h5 17. Qh3 Be7 18. Qg3 Bh4 19. Qf3 O-O 20. Bb2 Nb6 
21. Ba6 Rc7 22. Ng3 Bxg3 23. hxg3 c5 24. Qe2 Qa8 25. Red1 a4 26. Rd6 Rb8 
27. Rc1 axb3 28. axb3 Ra7 29. Bb5 Qe4 30. Qxe4 Bxe4 31. Rxc5 Nd5 32. f3 Bc2 
33. Bc4 Ra2 34. Bd4 Bxb3 35. Rb5 Rxb5 36. Rd8+ Kh7 37. Bd3+ g6 38. Bxb5 Rd2 
39. Bf2 Kg7 40. Bc5 g5 41. Bf8+ Kg6 42. Bc5 g4 43. Rg8+ Kf5 44. Rg7 Kxe5 
45. Rxf7 h4 46. Ba7 hxg3 47. Bb8+ Kd4 48. Bxg3 gxf3 49. Rxf3 Bc4 50. Bd7 Rd3 
51. Rxd3+ Bxd3 52. Bxe6 Ke4 53. Bb8 Nf4 54. Bg4 Ke3 55. g3 Ne2+ 56. Kg2 Bh7 
57. Kh3 Bb1 58. Ba7+ Kd2 59. Bb8 Ke3 60. Ba7+ Kd2 61. Bb6 Nc1 62. Bd7 Ne2 
63. g4 Bd3 64. Kg2 Be4+ 65. Kf2 Nc3 66. Ba5 Kd3 67. Bxc3 Kxc3 68. Ke3 Bg6 
69. Bf5 Bf7 70. Bd7 Bb3 71. Be8 Bd1 72. g5 Bc2 73. Kf4 Kd4 74. Bf7 Bd3 
75. Be6 Bg6 76. Bf5 Bf7 77. Bg4 Bg6 78. Bf5 Bh5 79. Be6 Bg6 80. Ba2 Bh5 
81. Kf5 Ke3 82. Be6 Be8 83. Kf6 Kf4 84. Bh3 Bh5 85. Bf5 Bf7 86. Bh3 Be8 
87. Be6 Bh5 88. Bd5 Be8 89. Bh1 Kg4 90. Be4 Kf4 91. Ba8 Bh5 92. Bd5 Be8 
93. Bc4 Bh5 94. Bb3 Be8 95. Bd1 Bf7 96. Ba4 Bh5 97. Bc2 Kg3 98. Bg6 Be2 
99. Bf5 Bh5 100. Bg6 Be2 1/2-1/2

[Event "Tuesday 10 April, Rapid Engine Tour 13+2 Rounds 7, starts 16.00 ST"]
[Site "Infinity Chess"]
[Date "2018.4.10"]
[Round "3"]
[White "xeonrocks"]
[Black "MCDermont"]
[Result "1/2-1/2"]
[ECO "C55"]
[WhiteElo "2556"]
[BlackElo "2471"]
[WhiteEngine "Stockfish_20180407_x64_bmi2_CTG"]
[BlackEngine "BrainFish 090218"]
[EventType "Swiss"]
[WhiteTeam ""]
[BlackTeam ""]
[PlyCount "163"]
[TimeControl "780+2"]

1. e4 e5 2. Nf3 Nc6 3. Bc4 Nf6 4. d3 Bc5 5. O-O d6 6. c3 O-O 7. Nbd2 a5 
8. Re1 Be6 9. Bb5 Ne7 10. d4 Ba7 11. h3 Ng6 12. Ba4 Nh5 13. Nf1 Nhf4 14. Bc2 Qd7 
15. Ne3 exd4 16. cxd4 Rae8 17. Rb1 d5 18. exd5 Nxd5 19. a3 c6 20. Bd2 Nxe3 
21. Bxe3 Bb8 22. Qd3 Bd5 23. Bd2 Qc7 24. Ne5 Re6 25. Bf4 Qd8 26. Bg3 Rfe8 
27. Re3 Nf8 28. Qc3 g6 29. b4 axb4 30. axb4 Nd7 31. b5 Nxe5 32. dxe5 Qe7 
33. bxc6 bxc6 34. Rbe1 Ba7 35. Rd3 Rb8 36. Ra1 Qc5 37. Qxc5 Bxc5 38. Bd1 h5 
39. Bf3 Bxf3 40. gxf3 Kf8 41. Bf4 Rc8 42. Kg2 Be7 43. Ra7 Ke8 44. Rc3 c5 
45. Ra4 Kd7 46. Ra7+ Ke8 47. Ra4 Rec6 48. Be3 Kd7 49. f4 Ke6 50. Kf3 Kf5 
51. Rac4 Rb6 52. Rc2 Rb3 53. Kg2 Rc7 54. Rc1 Rb6 55. Kf3 Rb5 56. Re4 Ra7 
57. Rec4 Ra2 58. Bxc5 Rxc5 59. Rxc5 Bxc5 60. Rxc5 Ra3+ 61. Kg2 h4 62. Rc4 Ra7 
63. Rb4 Ra2 64. Kf3 Ra3+ 65. Kg2 Ra2 66. Kf3 Ra5 67. Kg2 Ra1 68. Rb6 Kxf4 
69. Rf6+ Kxe5 70. Rxf7 g5 71. Kf3 Rc1 72. Ra7 Rg1 73. Rb7 Kf6 74. Ke2 Kg6 
75. f3 Rh1 76. Rb5 Rh2+ 77. Ke3 Rxh3 78. Ke2 g4 79. fxg4 Rh1 80. Rh5 h3 
81. Kf2 h2 82. Rh8 1/2-1/2

[Event "Tuesday 10 April, Rapid Engine Tour 13+2 Rounds 7, starts 16.00 ST"]
[Site "Infinity Chess"]
[Date "2018.4.10"]
[Round "3"]
[White "Mr Aj"]
[Black "localhero"]
[Result "1/2-1/2"]
[ECO "C55"]
[WhiteElo "2475"]
[BlackElo "2413"]
[WhiteEngine "Houdini 6"]
[BlackEngine "asmFishW_2017-10-04_popcnt"]
[EventType "Swiss"]
[WhiteTeam ""]
[BlackTeam ""]
[PlyCount "119"]
[TimeControl "780+2"]

1. e4 e5 2. Nf3 Nc6 3. Bc4 Nf6 4. d3 Bc5 5. c3 d6 6. O-O a5 7. Re1 O-O 
8. Nbd2 h6 9. h3 Be6 10. a4 Bb6 11. Bxe6 fxe6 12. Nc4 Bc5 13. Be3 Bxe3 
14. Rxe3 Qd7 15. d4 exd4 16. cxd4 Nb4 17. Qb3 b6 18. Na3 Nh5 19. Rd1 Nf4 
20. Rd2 Rad8 21. Kh2 Qc8 22. g3 Ng6 23. Ne1 c5 24. Nb5 d5 25. Ng2 Qc6 26. e5 Qd7 
27. f4 Ne7 28. Rc3 Rc8 29. Nh4 Nbc6 30. dxc5 bxc5 31. Qd1 Nb4 32. Nd6 Rc6 
33. b3 d4 34. Nc4 Nbd5 35. Rcd3 Ra6 36. Rf3 Nf5 37. Nxf5 exf5 38. Rg2 h5 
39. Rc2 Qe6 40. Qd2 Nb4 41. Rc1 Rb8 42. h4 Qc6 43. Rff1 g6 44. Rf2 Kg7 
45. Qd1 Nd5 46. Qf3 Kh7 47. Re2 Kh6 48. Rb2 Kh7 49. Rbc2 Nc3 50. Rxc3 dxc3 
51. Qd1 c2 52. Qd3 Qe4 53. Qd7+ Kh6 54. Nd6 Qe2+ 55. Kh3 Ra7 56. Qxa7 Qg4+ 
57. Kg2 Qe2+ 58. Kh3 Qg4+ 59. Kg2 Qe2+ 60. Kh3 1/2-1/2

[Event "Tuesday 10 April, Rapid Engine Tour 13+2 Rounds 7, starts 16.00 ST"]
[Site "Infinity Chess"]
[Date "2018.4.10"]
[Round "3"]
[White "Katzenmaier"]
[Black "CrapCleaner"]
[Result "1/2-1/2"]
[ECO "C55"]
[WhiteElo "2504"]
[BlackElo "2490"]
[WhiteEngine "Raubfisch X38"]
[BlackEngine "Raubfisch X38a._CTG"]
[EventType "Swiss"]
[WhiteTeam ""]
[BlackTeam ""]
[PlyCount "107"]
[TimeControl "780+2"]

1. e4 e5 2. Nf3 Nc6 3. Bc4 Nf6 4. d3 Bc5 5. c3 d6 6. O-O O-O 7. Nbd2 a5 
8. Re1 h6 9. Nf1 a4 10. h3 Ra5 11. Ng3 b5 12. b4 axb3 13. Bxb3 Be6 14. Rb1 Bb6 
15. d4 exd4 16. cxd4 d5 17. e5 Ne4 18. Rb2 b4 19. Nxe4 dxe4 20. Rxe4 Bxb3 
21. Rxb3 Re8 22. Rd3 Rxa2 23. Rg4 Re6 24. Qb3 Ra5 25. d5 Nxe5 26. Bb2 Nxd3 
27. dxe6 Nxb2 28. exf7+ Kf8 29. Qxb2 Qf6 30. Qxb4+ Kxf7 31. Qc4+ Kf8 32. h4 Ra1+ 
33. Kh2 Ra5 34. Re4 Bxf2 35. Qxc7 Bb6 36. Qc8+ Qd8 37. Rf4+ Kg8 38. Qe6+ Kh8 
39. g3 Bc7 40. Rf7 Qg8 41. Kh3 Ra1 42. Nd4 Rh1+ 43. Kg2 Re1 44. Qxe1 Qxf7 
45. Ne6 Qg6 46. Nxc7 Qc6+ 47. Kh2 Qc2+ 48. Kg1 Qc5+ 49. Kf1 Qxc7 50. Qe8+ Kh7 
51. Qe4+ g6 52. Qe8 Qxg3 53. Qe4 Qh3+ 54. Ke1 1/2-1/2

[Event "Tuesday 10 April, Rapid Engine Tour 13+2 Rounds 7, starts 16.00 ST"]
[Site "Infinity Chess"]
[Date "2018.4.10"]
[Round "2"]
[White "Dovahkiin"]
[Black "Seliga"]
[Result "0-1"]
[ECO "C55"]
[WhiteElo "2396"]
[BlackElo "2450"]
[WhiteEngine "Raubfisch ME262_GTZ16f_CTG"]
[BlackEngine "SF9 ''A6''"]
[EventType "Swiss"]
[WhiteTeam ""]
[BlackTeam ""]
[PlyCount "40"]
[TimeControl "780+2"]

1. e4 e5 2. Nf3 Nc6 3. Bc4 Nf6 4. d3 Bc5 5. O-O d6 6. c3 a5 7. Re1 O-O 8. Bb3 h6 
9. h3 Bb6 10. Na3 Be6 11. Nc4 Ba7 12. Ne3 Re8 13. Bxe6 fxe6 14. Qe2 Rf8 
15. Nc4 Nh5 16. Rb1 Qe8 17. Kh2 Nf4 18. Bxf4 Rxf4 19. Ne3 Qf7 20. a3 Rf8 0-1